 Dungeon Sprint DCSS version 0.14-a0-736-g2a71271 (webtiles) character file.

194224 Daniel the Axe Maniac (level 19, -5/141 (148) HPs)
             Began as a Formicid Fighter on Nov 7, 2013.
             Was the Champion of Makhleb.
             Killed from afar by an electric golem (10 damage)
             ... with a bolt of lightning
             ... in the Dungeon (Sprint V: "Ziggurat Sprint").
             The game lasted 00:46:52 (2698 turns).

Daniel the Axe Maniac (Formicid Fighter)            Turns: 2698, Time: 00:46:52

HP  -5/141 (148) AC 52     Str 33      XL: 19   Next: 46%
MP  38/38        EV  7     Int  8 (11) God: Makhleb [******]
Gold 0           SH 45     Dex 14      Spells:  0 memorised, 18 levels left

Res.Fire  : + + .   See Invis. : +   g - +8,+7 executioner's axe (protect)
Res.Cold  : + + .   Warding    : .   Q - +11 gold dragon armour of Xingoun {rPois rF+ rC+ rN+ Dam+4 SInv}
Life Prot.: + + +   Conserve   : .   D - +6 shield of the gong {rElec rN+ MR+}
Res.Poison: +       Res.Corr.  : .   (helmet unavailable)
Res.Elec. : +       Clarity    : .   t - -1 cloak (curse)
Sust.Abil.: . .     Spirit.Shd : .   e - +2 pair of gloves of the Ancient Wonders {rN+ SInv}
Res.Mut.  : +       Stasis     : +   U - +1 pair of boots of the Hidden Vale {Str+3 Dex+1}
Res.Rott. : .       Flight     : .   F - amulet of Axzij {rMut Dex+3 Int+4}
Saprovore : . . .                    W - ring of poison resistance
                                     k - ring "Hocke" {+cTele rF+ rC+}

@: extremely resistant to hostile enchantments, extremely unstealthy
A: permanent stasis, dig shafts and tunnels, four strong arms, poison weakness,
antennae 3, exoskeleton 1
a: Dig, Minor Destruction, Lesser Servant of Makhleb, Major Destruction, Greater
Servant of Makhleb, Renounce Religion, Evoke Teleport Control


You were in the Dungeon.
You worshipped Makhleb.
Makhleb was exalted by your worship.
You were not hungry.

You visited 1 branch

Inventory:

Hand weapons
 g - a +8,+7 executioner's axe of protection (weapon)
 B - the +12,+15 obsidian axe {chop, +Fly Str+3 SInv Curse}
   (You found it in the Dungeon)

   It inflicts extra damage upon your enemies.
   It affects your strength (+3).
   It enhances your eyesight.
   It lets you fly.
   It may recurse itself.
Armour
 e - the +2 pair of gloves of the Ancient Wonders (worn) {rN+ SInv}
   (You found it in the Dungeon)

   It protects you from negative energy.
   It enhances your eyesight.
 s - a +2 cloak of poison resistance
 t - a cursed -1 cloak (worn)
 u - a +2 cloak of preservation
 C - the +15 Maxwell's patent armour {rCorr, Cons, -Cast -Tele MR+}
   (You found it in the Dungeon)

   It affects your resistance to hostile enchantments.
   It prevents spellcasting.
   It prevents most forms of teleportation.
 D - the +6 shield of the gong (worn) {rElec rN+ MR+}
   (You found it in the Dungeon)

   It insulates you from electricity.
   It protects you from negative energy.
   It affects your resistance to hostile enchantments.
 Q - the +11 gold dragon armour of Xingoun (worn) {rPois rF+ rC+ rN+ Dam+4 SInv}
   (You took it off a wight in the Dungeon)

   It affects your damage-dealing abilities (+4).
   It protects you from fire.
   It protects you from cold.
   It protects you from poison.
   It protects you from negative energy.
   It enhances your eyesight.
 U - the +1 pair of boots of the Hidden Vale (worn) {Str+3 Dex+1}
   (You found it in the Dungeon)

   It affects your strength (+3).
   It affects your dexterity (+1).
Magical devices
 j - a wand of disintegration (7)
 v - a wand of heal wounds (0)
 x - a wand of fire (2)
 y - a wand of cold (5)
 A - a wand of draining (4)
Comestibles
 d - 3 bread rations
 z - 4 meat rations
Jewellery
 k - the ring "Hocke" (left hand) {+cTele rF+ rC+}
   (You took it off a naga warrior in the Dungeon)

   [ring of teleport control]

   It protects you from fire.
   It protects you from cold.
 E - the ring of Shadows {+Inv rN+ EV+4 Acc-4 SInv Stlth+}
   (You found it in the Dungeon)

   [ring of invisibility]

   It affects your evasion (+4).
   It affects your accuracy (-4).
   It protects you from negative energy.
   It enhances your eyesight.
   It makes you much more stealthy.
 F - the amulet of Axzij (around neck) {rMut Dex+3 Int+4}
   (You found it in the Dungeon)

   [amulet of resist mutation]

   It affects your intelligence (+4).
   It affects your dexterity (+3).
 J - the amulet of Autotheism {Faith Str+2 Acc+4 Stlth--}
   (You took it off a naga warrior in the Dungeon)

   [amulet of faith]

   It affects your strength (+2).
   It affects your accuracy (+4).
   It makes you much less stealthy.
 R - the amulet "Jiefaw" {Clar rC+ Acc+2}
   (You took it off a vampire in the Dungeon)

   [amulet of clarity]

   It affects your accuracy (+2).
   It protects you from cold.
 W - a ring of poison resistance (right hand)
 Z - the ring "Claec" {Hunger- Int+4}
   (You took it off a greater naga in the Dungeon)

   [ring of sustenance]

   It affects your intelligence (+4).
Potions
 f - a potion of heal wounds
 h - 5 potions of magic
 m - a potion of restore abilities
 n - 3 potions of resistance
 p - 3 potions of agility
 q - 4 potions of might
Miscellaneous
 a - a phial of floods
 b - a fan of gales
 c - a fan of gales
 i - a phial of floods
 l - a phial of floods
 o - a stone of tremors
 r - a phial of floods
 w - a disc of storms
 G - a disc of storms
 H - a lantern of shadows
 I - a lamp of fire
 K - a disc of storms
 M - a phial of floods
 N - a phial of floods
 O - a sack of spiders
 P - a phial of floods
 S - a bottled efreet
 T - a phial of floods
 V - a fan of gales
 X - a sack of spiders


   Skills:
 + Level 26.5 Fighting
 O Level 27 Axes
 O Level 27 Armour
 + Level 18.9 Stealth
 + Level 25.6 Shields
 + Level 17.7 Invocations
 + Level 22.0 Evocations


You had 18 spell levels left.
You didn't know any spells.

Dungeon Overview and Level Annotations

Branches:
Dungeon (1/1)

Altars:
Ashenzari
Cheibriados
Elyvilon
Fedhas
Kikubaaqudgha
Makhleb
Nemelex Xobeh
Okawaru
Sif Muna
Trog
Vehumet
Xom
Yredelemnul
Zin
the Shining One
Beogh
Jiyva
Lugonu


Innate Abilities, Weirdness & Mutations

Your are under a permanent stasis effect.
You can dig through walls and to a lower floor.
Your four strong arms can wield any weapon, most with a shield.
You are susceptible to poison.
You have a pair of large antennae on your head (SInv).
Your body is surrounded by an exoskeleton. (HP +5, AC +1)


Message History

You slice the titan like a ripe choko!!!
You kill the titan!
Makhleb accepts your kill.
Your Evocations skill increases to level 22!
Your stone of tremors has recharged.
You hit the storm dragon.
The storm dragon is severely wounded.
You hit the electric golem but do no damage.
The electric golem is heavily damaged.
You cut the insubstantial wisp into ribbons!!!
You destroy the insubstantial wisp!
You block the storm dragon's attack.
GONNNNG!
You block the storm dragon's attack.
PANG!
The storm dragon tramples you.
* * * LOW HITPOINT WARNING * * *
You stumble backwards!
The electric golem throws lightning at you.
The bolt of lightning hits you! You resist.
You die...

∙∙∙∙∙∙∙▒∙∙∙∙∙∙∙∙∙∙∙∙
∙∙∙∙∙∙∙▒∙∙∙∙∙∙∙#∙v∙∙∙∙
∙∙∙∙∙∙∙▒∙∙∙∙∙∙∙∙∙∙^∙∙∙∙
∙∙▒%∙∙∙▒∙∙∙∙∙∙8E∙∙∙∙∙∙∙∙
∙▒▒▒∙∙∙▒∙∙∙∙▒8^∙∙^^s^v∙▒∙
∙∙▒∙%∙∙▒∙∙∙∙∙^∙∙^^∙∙∙∙∙∙∙
∙∙%∙∙%∙▒∙∙∙∙∙^∙∙^∙^∙^∙∙∙∙
∙∙∙∙∙%%▒∙∙∙∙∙C8D^^^^∙∙^∙∙∙
∙∙∙∙∙%∙▒∙∙∙∙∙∙^^@∙^∙∙^∙∙∙∙
▒▒▒▒▒▒▒▒▒▒▒▒▒▒▒▒▒▒▒▒▒▒▒▒▒▒


You could see 3 electric golems, a titan, a storm dragon, an air elemental, 2
vapours and a friendly orb spider.

Vanquished Creatures
  4 golden dragons (D)
  3 liches (D)
  3 quicksilver dragons (D)
  A titan (D)
  5 acid blobs (D)
  3 krakens (D)
  Kirke (D)
  4 shadow dragons (D)
  2 draconian monks (D)
  9 ghouls (D)
  A draconian knight (D)
  A draconian scorcher (D)
  An azure jelly (D)
  3 iron dragons (D)
  An orc warlord (D)
  A draconian annihilator (D)
  9 vampire knights (D)
  3 green draconians (D)
  6 grey draconians (D)
  2 greater nagas (D)
  4 draconian shifters (D)
  3 draconian callers (D)
  4 purple draconians (D)
  5 red draconians (D)
  6 yellow draconians (D)
  3 mottled draconians (D)
  6 white draconians (D)
  6 death oozes (D)
  2 pale draconians (D)
  5 merfolk javelineers (D)
  Snorg (D)
  3 merfolk impalers (D)
  4 dragons (D)
  A siren (D)
  A jiangshi (D)
  5 ice dragons (D)
  9 vault guards (D)
  5 hydras (D)
  2 merfolk aquamancers (D)
  Harold (D)
  A spriggan (D)
  A spriggan druid (D)
  An orc high priest (D)
  A thrashing horror (D)
  5 vampire magi (D)
  A wretched star (D)
  5 naga warriors (D)
  11 skeletal warriors (D)
  2 sea snakes (D)
  2 deep elf knights (D)
  6 death drakes (D)
  3 swamp dragons (D)
  2 giant orange brains (D)
  3 ice devils (D)
  A shadow wraith (D)
  11 necromancers (D)
  Pikel (D)
  6 giant amoebae (D)
  2 large abominations (D)
  2 harpies (D)
  2 orc sorcerers (D)
  3 cyclopes (D)
  3 red wasps (D)
  A draconian zombie (D)
  A sixfirhy (D)
  5 guardian serpents (D)
  3 black mambas (D)
  A deep elf summoner (D)
  3 eyes of devastation (D)
  A tormentor (D)
  4 draconians (D)
  2 smoke demons (D)
  2 mermaids (D)
  A hellwing (D)
  3 yaktaurs (D)
  2 iron devils (D)
  6 naga magi (D)
  A blue devil (D)
  A fire drake (D)
  An orb spider (D)
  A demonic crawler (D)
  4 ghoul skeletons (D)
  2 ancient zymes (D)
  A giant firefly (D)
  2 brown oozes (D)
  3 jumping spiders (D)
  4 grizzly bears (D)
  A slime creature (D)
  A boulder beetle (D)
  10 shadows (D)
  2 snapping turtles (D)
  A redback (D)
  2 trapdoor spiders (D)
  A ynoxinul (D)
  2 wraiths (D)
  4 flying skulls (D)
  3 sharks (D)
  3 wyverns (D)
  7 merfolk (D)
  8 vampires (D)
  Eustachio (D)
  A golden eye (D)
  A deep elf fighter (D)
  A hippogriff (D)
  2 hungry ghosts (D)
  A rock worm (D)
  2 steam dragons (D)
  3 mottled dragons (D)
  2 necrophages (D)
  A manticore (D)
  2 wolves (D)
  4 human zombies (D)
  4 small abominations (D)
  2 orc warriors (D)
  4 nagas (D)
  7 swamp drakes (D)
  3 ice beasts (D)
  A freezing wraith (D)
  5 yellow wasps (D)
  7 water moccasins (D)
  Sigmund (D)
  A rotting devil (D)
  Blork the orc (D)
  An insubstantial wisp (D)
  11 wights (D)
  A jelly (D)
  4 crimson imps (D)
  7 starcursed masses (D)
  Dowan (D)
  5 iron imps (D)
  A spider (D)
  6 orc priests (D)
  2 orc wizards (D)
  A scorpion (D)
  An iguana (D)
  A necrophage skeleton (D)
  A sheep (D)
  7 mummies (D)
  3 adders (D)
  A lemure (D)
  3 shadow imps (D)
  A giant mite (D)
  3 white imps (D)
  8 ufetubi (D)
  An adder skeleton (D)
  An adder zombie (D)
  A giant eyeball (D)
  10 orcs (D)
  5 bats (D)
  A bat zombie (D)
  A kobold (D)
  4 ball pythons (D)
  A giant gecko simulacrum (D)
  3 goblin skeletons (D)
  A goblin zombie (D)
  2 hobgoblin zombies (D)
  A jackal zombie (D)
  A kobold skeleton (D)
  3 kobold zombies (D)
  A quokka zombie (D)
  3 rat skeletons (D)
  2 rat zombies (D)
  12 tentacles (D)
494 creatures vanquished.

Vanquished Creatures (collateral kills)
  An acid blob (D)
  A green draconian (D)
  A deep elf knight (D)
  An orc knight (D)
  A tormentor (D)
  An iron devil (D)
  An orb spider (D)
  A brown ooze (D)
  A grizzly bear (D)
  A freezing wraith (D)
  An orc warrior (D)
  A goliath beetle (D)
  An orc (D)
13 creatures vanquished.

Vanquished Creatures (others)
  An iron dragon (D)
  A wretched star (D)
  A black mamba (D)
  An orange demon (D)
  A blue devil (D)
  2 fire drakes (D)
  A naga mage (D)
  An air elemental (D)
  11 water elementals (D)
  A fire elemental (D)
  A mottled dragon (D)
  A swamp drake (D)
  2 jellies (D)
  A scorpion (D)
  A kobold (D)
  A rat zombie (D)
  12 tentacles (D)
  165 tentacle segments (D)
205 creatures vanquished.

Grand Total: 712 creatures vanquished

Notes
Turn   | Place    | Note
--------------------------------------------------------------
     0 | D        | Daniel, the Formicid Fighter, began the quest for the Orb.
     0 | D        | Reached XP level 1. HP: 19/19 MP: 0/0
     1 | D        | Found an ancient bone altar of Kikubaaqudgha.
     1 | D        | Found a white marble altar of Elyvilon.
     2 | D        | Found an iron altar of Okawaru.
     2 | D        | Found a burning altar of Makhleb.
     4 | D        | Reached skill level 7 in Axes
     4 | D        | Reached XP level 2. HP: 24/24 MP: 1/1
     5 | D        | Found a radiant altar of Vehumet.
     5 | D        | Found a deep blue altar of Sif Muna.
     5 | D        | Found a basalt altar of Yredelemnul.
     5 | D        | Found a sparkling altar of Nemelex Xobeh.
    12 | D        | Found a bloodstained altar of Trog.
    28 | D        | Found a shimmering altar of Xom.
    87 | D        | Became a worshipper of Makhleb the Destroyer
    90 | D        | Entered arena 1.
    90 | D        | Noticed an iguana
    93 | D        | Reached skill level 8 in Axes
    93 | D        | Reached XP level 3. HP: 29/29 MP: 2/2
    94 | D        | Killed an iguana
    94 | D        | Reached XP level 4. HP: 33/33 MP: 3/3
    96 | D        | Acquired Makhleb's first power
   103 | D        | Entered arena 2.
   107 | D        | Acquired Makhleb's second power
   116 | D        | Entered arena 3.
   121 | D        | Reached skill level 5 in Armour
   122 | D        | Acquired Makhleb's third power
   122 | D        | Reached skill level 9 in Axes
   122 | D        | Reached XP level 5. HP: 36/38 MP: 4/4
   128 | D        | Entered arena 4.
   128 | D        | Noticed an orc priest
   128 | D        | Noticed an orc priest
   128 | D        | Noticed an orc priest
   128 | D        | Noticed an orc priest
   131 | D        | Killed an orc priest
   132 | D        | Killed an orc priest
   132 | D        | Reached skill level 5 in Fighting
   132 | D        | Reached skill level 5 in Shields
   133 | D        | Killed an orc priest
   133 | D        | Acquired Makhleb's fourth power
   133 | D        | Reached XP level 6. HP: 28/44 MP: 5/5
   134 | D        | Killed an orc priest
   134 | D        | Reached skill level 10 in Axes
   303 | D        | Entered arena 5.
   303 | D        | Noticed a water moccasin
   303 | D        | Noticed a naga
   307 | D        | Killed a naga
   307 | D        | Acquired Makhleb's fifth power
   318 | D        | Killed a water moccasin
   318 | D        | Reached skill level 11 in Axes
   318 | D        | Reached XP level 7. HP: 49/49 MP: 6/6
   335 | D        | Entered arena 6.
   335 | D        | Noticed a deep elf knight
   335 | D        | Noticed a deep elf summoner
   335 | D        | Noticed a deep elf knight
   335 | D        | Noticed a deep elf fighter
   335 | D        | Noticed a deep elf knight
   335 | D        | Noticed an orc high priest
   338 | D        | Killed a deep elf fighter
   339 | D        | Noticed an iron devil
   340 | D        | Killed a deep elf knight
   340 | D        | Reached skill level 12 in Axes
   340 | D        | Gained mutation: You have a pair of antennae on your head. [level up]
   340 | D        | Reached XP level 8. HP: 54/56 MP: 7/7
   342 | D        | Killed a deep elf knight
   342 | D        | Reached skill level 13 in Axes
   342 | D        | Reached skill level 10 in Armour
   343 | D        | Killed a deep elf summoner
   343 | D        | Reached XP level 9. HP: 61/61 MP: 8/8
   343 | D        | Killed an orc high priest
   343 | D        | Reached skill level 14 in Axes
   343 | D        | Killed an iron devil
   345 | D        | Killed a deep elf knight
   359 | D        | Entered arena 7.
   359 | D        | Noticed a draconian
   359 | D        | Noticed a draconian
   359 | D        | Noticed a grey draconian
   359 | D        | Noticed a draconian
   359 | D        | Noticed a draconian
   359 | D        | Noticed a green draconian
   367 | D        | Killed a draconian
   367 | D        | Reached XP level 10. HP: 52/69 MP: 9/9
   368 | D        | Killed a draconian
   368 | D        | Reached skill level 10 in Shields
   371 | D        | Killed a grey draconian
   371 | D        | Reached skill level 10 in Fighting
   371 | D        | Reached skill level 15 in Axes
   371 | D        | Killed a draconian
   371 | D        | Killed a draconian
   375 | D        | Killed a green draconian
   395 | D        | Entered arena 8.
   395 | D        | Noticed a naga mage
   395 | D        | Noticed a water moccasin
   395 | D        | Noticed a black mamba
   399 | D        | Killed a black mamba
   399 | D        | Reached skill level 16 in Axes
   401 | D        | Killed a water moccasin
   402 | D        | Killed a naga mage
   402 | D        | Reached XP level 11. HP: 73/75 MP: 10/10
   419 | D        | Entered arena 9.
   419 | D        | Noticed an orc wizard
   419 | D        | Noticed an orc priest
   419 | D        | Noticed an orc wizard
   419 | D        | Noticed an orc warrior
   419 | D        | Noticed an orc priest
   419 | D        | Noticed an orc warrior
   423 | D        | Killed an orc warrior
   424 | D        | Killed an orc wizard
   427 | D        | Killed an orc wizard
   427 | D        | Killed an orc warrior
   428 | D        | Killed an orc priest
   430 | D        | Killed an orc priest
   602 | D        | Entered arena 10.
   602 | D        | Noticed a grizzly bear
   602 | D        | Noticed a grizzly bear
   602 | D        | Noticed a wolf
   602 | D        | Noticed a grizzly bear
   602 | D        | Noticed a spriggan rider
   602 | D        | Noticed a spriggan druid
   602 | D        | Noticed a grizzly bear
   602 | D        | Noticed a wolf
   602 | D        | Noticed a grizzly bear
   604 | D        | Noticed a yellow wasp
   604 | D        | Noticed a snapping turtle
   605 | D        | Noticed an orb spider
   605 | D        | Noticed a boulder beetle
   609 | D        | Killed a spriggan druid
   609 | D        | Killed a wolf
   610 | D        | Killed a snapping turtle
   611 | D        | Killed a grizzly bear
   611 | D        | Killed a yellow wasp
   613 | D        | Killed a wolf
   613 | D        | Killed a boulder beetle
   614 | D        | Killed a grizzly bear
   614 | D        | Reached skill level 17 in Axes
   614 | D        | Killed a grizzly bear
   615 | D        | Killed a grizzly bear
   616 | D        | Killed a grizzly bear
   620 | D        | Killed a spriggan rider
   620 | D        | Killed a giant firefly
   647 | D        | Entered arena 11.
   647 | D        | Noticed Blork the orc
   647 | D        | Noticed Snorg
   647 | D        | Noticed Sigmund
   647 | D        | Noticed Harold
   647 | D        | Noticed Pikel
   647 | D        | Noticed Kirke
   648 | D        | Noticed Dowan
   648 | D        | Noticed Eustachio
   655 | D        | Killed Kirke
   656 | D        | Killed Pikel
   658 | D        | Killed Harold
   658 | D        | Reached skill level 18 in Axes
   658 | D        | Reached XP level 12. HP: 60/84 MP: 11/11
   658 | D        | Killed Eustachio
   659 | D        | Killed Snorg
   659 | D        | Reached skill level 15 in Armour
   664 | D        | Killed Dowan
   666 | D        | Killed Blork the orc
   666 | D        | Killed Sigmund
   720 | D        | Entered arena 12.
   720 | D        | Noticed an iron imp
   720 | D        | Noticed an iron devil
   720 | D        | Noticed an iron devil
   720 | D        | Noticed a wight
   720 | D        | Noticed a blue devil
   721 | D        | Noticed an ice devil
   722 | D        | Noticed a tormentor
   724 | D        | Killed a blue devil
   726 | D        | Killed a wight
   732 | D        | Killed a tormentor
   734 | D        | Killed an ice devil
   735 | D        | Killed an iron devil
   738 | D        | Killed an iron devil
   740 | D        | Killed an iron imp
   758 | D        | Entered arena 13.
   758 | D        | Noticed an orc warrior
   759 | D        | Noticed an orc knight
   759 | D        | Noticed an orc warlord
   760 | D        | Noticed an orc sorcerer
   766 | D        | Noticed an orc sorcerer
   766 | D        | Noticed a cyclops
   774 | D        | Killed an orc sorcerer
   776 | D        | Killed an orc knight
   778 | D        | Killed an orc sorcerer
   778 | D        | Reached skill level 19 in Axes
   783 | D        | Killed a cyclops
   785 | D        | Killed an orc warlord
   785 | D        | Reached skill level 15 in Fighting
   786 | D        | Killed an orc warrior
   815 | D        | Entered arena 14.
   815 | D        | Noticed a vampire mage
   815 | D        | Noticed a vampire
   815 | D        | Noticed a vampire knight
   816 | D        | Noticed a vampire mage
   816 | D        | Noticed a vampire mage
   816 | D        | Noticed a vampire
   817 | D        | Noticed a necromancer
   817 | D        | Noticed a ghoul
   819 | D        | Noticed a necrophage
   821 | D        | Noticed a wight
   825 | D        | Killed a necromancer
   827 | D        | Killed a vampire knight
   833 | D        | Killed a ghoul
   833 | D        | Reached XP level 13. HP: 92/92 MP: 12/12
   834 | D        | Noticed a jiangshi
   835 | D        | Killed a vampire
   837 | D        | Killed a necrophage
   840 | D        | Killed a vampire mage
   841 | D        | Noticed a wight
   844 | D        | Noticed a skeletal warrior
   846 | D        | Killed a vampire mage
   846 | D        | Reached skill level 20 in Axes
   849 | D        | Killed a vampire
   850 | D        | Killed a vampire mage
   852 | D        | Killed a wight
   854 | D        | Killed a skeletal warrior
   854 | D        | Killed a wight
   860 | D        | Got the +11 gold dragon armour of Xingoun {rPois rF+ rC+ rN+ Dam+4 SInv}
   906 | D        | Vidiiot: Wow
   906 | D        | Vidiiot: Nice GDA
   906 | D        | Daniel: yeah
   906 | D        | Daniel: best i've ever found in this game
   906 | D        | Vidiiot: Oh wow
   906 | D        | Vidiiot: Gong.
   907 | D        | Daniel: its granted
   907 | D        | Vidiiot: This is the only appropriate use for the gong. ;p
   907 | D        | Daniel: yeah :D
   907 | D        | Entered arena 15.
   907 | D        | Noticed a yaktaur
   907 | D        | Noticed a vault guard
   907 | D        | Noticed a vault guard
   908 | D        | Noticed a yaktaur
   908 | D        | Noticed a yaktaur
   908 | D        | Noticed a vault guard
   908 | D        | Noticed a vault guard
   920 | D        | Noticed a lich
   920 | D        | Noticed a vault guard
   921 | D        | Noticed a vault guard
   921 | D        | Killed a lich
   923 | D        | Noticed a lich
   927 | D        | Killed a vault guard
   929 | D        | Noticed a vault guard
   929 | D        | Noticed a vault guard
   929 | D        | Killed a yaktaur
   930 | D        | Noticed a vault guard
   930 | D        | Killed a vault guard
   930 | D        | Reached skill level 15 in Shields
   934 | D        | Killed a vault guard
   935 | D        | Killed a vault guard
   935 | D        | Reached skill level 21 in Axes
   941 | D        | Killed a vault guard
   949 | D        | Killed a vault guard
   950 | D        | Killed a vault guard
   952 | D        | Killed a vault guard
   953 | D        | Killed a yaktaur
   957 | D        | Killed a lich
   957 | D        | Reached XP level 14. HP: 101/101 MP: 13/13
   960 | D        | Killed a yaktaur
   962 | D        | Killed a vault guard
  1004 | D        | Entered arena 16.
  1010 | D        | Noticed a smoke demon
  1010 | D        | Noticed a wraith
  1010 | D        | Noticed a wretched star
  1010 | D        | Noticed a crimson imp
  1020 | D        | Noticed an iron imp
  1021 | D        | Killed a wraith
  1022 | D        | Noticed an iron imp
  1023 | D        | Noticed a grey draconian caller
  1023 | D        | Killed a wretched star
  1023 | D        | Identified a +6 rod of destruction (11/12)
  1025 | D        | Noticed a hellwing
  1028 | D        | Noticed a small abomination
  1030 | D        | Killed a smoke demon
  1030 | D        | Killed a crimson imp
  1031 | D        | Killed an iron imp
  1031 | D        | Killed an iron imp
  1035 | D        | Killed a small abomination
  1037 | D        | Killed a hellwing
  1040 | D        | Killed a grey draconian caller
  1040 | D        | Reached skill level 22 in Axes
  1282 | D        | Entered arena 17.
  1284 | D        | Noticed an ice devil
  1284 | D        | Noticed a skeletal warrior
  1284 | D        | Noticed an ice devil
  1295 | D        | Killed an ice devil
  1296 | D        | Noticed a flying skull
  1297 | D        | Noticed an ice beast
  1297 | D        | Noticed an ice beast
  1297 | D        | Noticed a tormentor
  1298 | D        | Noticed a vampire
  1298 | D        | Noticed a shadow
  1298 | D        | Killed an ice devil
  1299 | D        | Noticed a vampire
  1299 | D        | Noticed an ice beast
  1299 | D        | Noticed a rotting devil
  1299 | D        | Noticed a freezing wraith
  1299 | D        | Noticed a flying skull
  1299 | D        | Killed a skeletal warrior
  1301 | D        | Killed a flying skull
  1303 | D        | Killed an ice beast
  1303 | D        | Killed a flying skull
  1306 | D        | Killed an ice beast
  1306 | D        | Killed a tormentor
  1306 | D        | Killed an ice beast
  1307 | D        | Killed a rotting devil
  1307 | D        | Killed a freezing wraith
  1310 | D        | Killed a shadow
  1314 | D        | Killed a vampire
  1315 | D        | Killed a vampire
  1337 | D        | Entered arena 18.
  1339 | D        | Noticed a wight
  1339 | D        | Noticed a shadow
  1346 | D        | Noticed a vampire knight
  1347 | D        | Noticed a shadow
  1347 | D        | Noticed a necromancer
  1348 | D        | Noticed a necromancer
  1349 | D        | Killed a wight
  1350 | D        | Noticed a wight
  1350 | D        | Noticed a vampire knight
  1353 | D        | Noticed a ghoul
  1354 | D        | Killed a necromancer
  1354 | D        | Killed a shadow
  1355 | D        | Noticed a vampire mage
  1355 | D        | Noticed a skeletal warrior
  1357 | D        | Killed a vampire knight
  1357 | D        | Killed a shadow
  1358 | D        | Noticed a ghoul
  1358 | D        | Killed a vampire knight
  1358 | D        | Killed a necromancer
  1358 | D        | Killed a wight
  1359 | D        | Noticed a wight
  1359 | D        | Noticed a ghoul
  1363 | D        | Noticed a wight
  1368 | D        | Killed a skeletal warrior
  1372 | D        | Killed a ghoul
  1374 | D        | Killed a vampire mage
  1374 | D        | Reached skill level 23 in Axes
  1376 | D        | Killed a ghoul
  1379 | D        | Killed a wight
  1379 | D        | Killed a wight
  1387 | D        | Killed a ghoul
  1407 | D        | Got the +1 pair of boots of the Hidden Vale {Str+3 Dex+1}
  1426 | D        | Entered arena 19.
  1430 | D        | Noticed a small abomination
  1430 | D        | Noticed a small abomination
  1430 | D        | Noticed a hungry ghost
  1439 | D        | Killed a small abomination
  1442 | D        | Killed a small abomination
  1443 | D        | Killed a hungry ghost
  1446 | D        | Noticed a wraith
  1457 | D        | Killed a wraith
  1458 | D        | Noticed a smoke demon
  1458 | D        | Noticed a thrashing horror
  1459 | D        | Noticed a small abomination
  1462 | D        | Killed a thrashing horror
  1468 | D        | Noticed a ynoxinul
  1469 | D        | Noticed a sixfirhy
  1470 | D        | Noticed an ancient zyme
  1475 | D        | Killed a sixfirhy
  1477 | D        | Killed a ynoxinul
  1478 | D        | Noticed a crimson imp
  1478 | D        | Noticed a starcursed mass
  1478 | D        | Noticed an iron imp
  1479 | D        | Killed a crimson imp
  1482 | D        | Noticed a large abomination
  1482 | D        | Noticed a wretched star
  1483 | D        | Noticed a crimson imp
  1484 | D        | Killed an ancient zyme
  1484 | D        | Killed a large abomination
  1485 | D        | Killed an iron imp
  1485 | D        | Killed a smoke demon
  1486 | D        | Noticed an ancient zyme
  1488 | D        | Noticed an iron imp
  1488 | D        | Killed a starcursed mass
  1489 | D        | Noticed a large abomination
  1491 | D        | Killed a wretched star
  1492 | D        | Killed a large abomination
  1494 | D        | Killed an iron imp
  1494 | D        | Killed a starcursed mass
  1495 | D        | Killed a starcursed mass
  1497 | D        | Killed a starcursed mass
  1497 | D        | Reached XP level 15. HP: 109/109 MP: 14/14
  1497 | D        | Killed an ancient zyme
  1498 | D        | Killed a starcursed mass
  1498 | D        | Killed a starcursed mass
  1499 | D        | Killed a starcursed mass
  1500 | D        | Killed a small abomination
  1505 | D        | Killed a crimson imp
  1519 | D        | Entered arena 20.
  1522 | D        | Noticed a red wasp
  1523 | D        | Noticed a yellow wasp
  1523 | D        | Noticed a red wasp
  1523 | D        | Noticed a jumping spider
  1524 | D        | Noticed a spider
  1524 | D        | Noticed a yellow wasp
  1525 | D        | Noticed a scorpion
  1525 | D        | Noticed a jumping spider
  1525 | D        | Noticed a yellow wasp
  1530 | D        | Killed a red wasp
  1531 | D        | Killed a jumping spider
  1532 | D        | Killed a yellow wasp
  1533 | D        | Noticed a trapdoor spider
  1533 | D        | Killed a yellow wasp
  1533 | D        | Killed a spider
  1534 | D        | Noticed an orb spider
  1534 | D        | Noticed a red wasp
  1535 | D        | Noticed a demonic crawler
  1535 | D        | Noticed a redback
  1536 | D        | Noticed a jumping spider
  1536 | D        | Noticed a rock worm
  1536 | D        | Noticed a yellow wasp
  1536 | D        | Killed a red wasp
  1538 | D        | Killed a yellow wasp
  1538 | D        | Killed a red wasp
  1539 | D        | Noticed an orb spider
  1540 | D        | Noticed a trapdoor spider
  1540 | D        | Noticed a scorpion
  1541 | D        | Killed a yellow wasp
  1541 | D        | Killed a redback
  1543 | D        | Killed a trapdoor spider
  1544 | D        | Noticed a goliath beetle
  1544 | D        | Killed a demonic crawler
  1545 | D        | Killed a scorpion
  1545 | D        | Killed a rock worm
  1546 | D        | Killed a trapdoor spider
  1546 | D        | Killed a scorpion
  1549 | D        | Killed a jumping spider
  1549 | D        | Killed a jumping spider
  1551 | D        | Killed an orb spider
  1555 | D        | Killed a goliath beetle
  1567 | D        | Killed an orb spider
  1567 | D        | Reached skill level 24 in Axes
  1605 | D        | Entered arena 21.
  1605 | D        | Noticed a shadow
  1605 | D        | Noticed a vampire knight
  1605 | D        | Noticed a ghoul
  1605 | D        | Noticed a necromancer
  1605 | D        | Noticed a wight
  1605 | D        | Noticed a wight
  1605 | D        | Noticed a necromancer
  1605 | D        | Noticed a shadow
  1605 | D        | Noticed a shadow
  1605 | D        | Noticed a necromancer
  1605 | D        | Noticed a necrophage
  1605 | D        | Noticed a skeletal warrior
  1605 | D        | Noticed a lich
  1605 | D        | Noticed a vampire knight
  1605 | D        | Noticed a vampire knight
  1605 | D        | Noticed a skeletal warrior
  1605 | D        | Noticed a skeletal warrior
  1605 | D        | Noticed a skeletal warrior
  1605 | D        | Noticed a necromancer
  1605 | D        | Noticed a vampire knight
  1605 | D        | Noticed a skeletal warrior
  1605 | D        | Noticed a vampire
  1605 | D        | Noticed a necromancer
  1605 | D        | Noticed a necromancer
  1605 | D        | Noticed a vampire knight
  1605 | D        | Noticed a ghoul
  1605 | D        | Noticed a ghoul
  1605 | D        | Noticed a ghoul
  1605 | D        | Noticed a wight
  1605 | D        | Noticed a vampire knight
  1605 | D        | Noticed a vampire mage
  1605 | D        | Noticed a shadow
  1605 | D        | Daniel: eh
  1606 | D        | Noticed a shadow
  1607 | D        | Noticed a vampire
  1608 | D        | Noticed a naga warrior
  1608 | D        | Noticed a water moccasin
  1608 | D        | Noticed a naga
  1609 | D        | Noticed a guardian serpent
  1609 | D        | Noticed a naga mage
  1609 | D        | Noticed a naga mage
  1609 | D        | Noticed a guardian serpent
  1609 | D        | Noticed a guardian serpent
  1609 | D        | Noticed a water moccasin
  1609 | D        | Noticed a water moccasin
  1609 | D        | Noticed a greater naga
  1609 | D        | Noticed a guardian serpent
  1610 | D        | Noticed a guardian serpent
  1610 | D        | Noticed a naga
  1610 | D        | Noticed a naga mage
  1610 | D        | Noticed a black mamba
  1611 | D        | Noticed a naga mage
  1615 | D        | Noticed a naga warrior
  1615 | D        | Daniel: wtf? vitrification changed?
  1616 | D        | Noticed a water moccasin
  1617 | D        | Noticed a greater naga
  1617 | D        | Killed a guardian serpent
  1618 | D        | Noticed a naga warrior
  1619 | D        | Noticed a naga mage
  1619 | D        | Killed a guardian serpent
  1620 | D        | Noticed a naga mage
  1620 | D        | Noticed a naga warrior
  1621 | D        | Noticed a skeletal warrior
  1621 | D        | Killed a water moccasin
  1621 | D        | Killed a water moccasin
  1622 | D        | Killed a black mamba
  1623 | D        | Killed a water moccasin
  1623 | D        | Killed a guardian serpent
  1624 | D        | Noticed a black mamba
  1624 | D        | Noticed a black mamba
  1625 | D        | Killed a guardian serpent
  1626 | D        | Killed a water moccasin
  1628 | D        | Noticed a water moccasin
  1628 | D        | Killed a naga mage
  1629 | D        | Killed a guardian serpent
  1631 | D        | Noticed a naga
  1633 | D        | Noticed a naga warrior
  1634 | D        | Killed a naga warrior
  1634 | D        | Killed a black mamba
  1635 | D        | Noticed a skeletal warrior
  1640 | D        | Killed a black mamba
  1642 | D        | Killed a naga warrior
  1644 | D        | Killed a naga warrior
  1644 | D        | Killed a naga mage
  1647 | D        | Killed a naga
  1648 | D        | Killed a greater naga
  1657 | D        | Killed a water moccasin
  1660 | D        | Killed a naga mage
  1661 | D        | Killed a greater naga
  1664 | D        | Killed a naga
  1666 | D        | Killed a naga warrior
  1667 | D        | Killed a naga mage
  1672 | D        | Killed a naga mage
  1674 | D        | Killed a naga mage
  1677 | D        | Killed a naga warrior
  1680 | D        | Killed a naga
  1684 | D        | Got the amulet of Autotheism {Faith Str+2 Acc+4 Stlth--}
  1686 | D        | Got the ring "Claec" {Hunger- Int+4}
  1687 | D        | Noticed a white draconian
  1688 | D        | Noticed a purple draconian
  1688 | D        | Noticed a grey draconian
  1689 | D        | Noticed a white draconian
  1690 | D        | Noticed a purple draconian shifter
  1690 | D        | Noticed a mottled draconian
  1701 | D        | Noticed a shadow
  1702 | D        | Got the ring "Hocke" {+cTele rF+ rC+}
  1716 | D        | Noticed a hippogriff
  1716 | D        | Noticed a merfolk javelineer
  1717 | D        | Noticed a cyclops
  1717 | D        | Noticed a kraken
  1717 | D        | Noticed a shark
  1718 | D        | Noticed a merfolk impaler
  1718 | D        | Noticed a merfolk
  1718 | D        | Noticed a shark
  1719 | D        | Noticed a manticore
  1720 | D        | Noticed a siren
  1720 | D        | Noticed a shark
  1721 | D        | Noticed a merfolk javelineer
  1722 | D        | Noticed a merfolk
  1723 | D        | Noticed a merfolk javelineer
  1765 | D        | Entered arena 22.
  1765 | D        | Noticed a merfolk
  1765 | D        | Noticed a merfolk aquamancer
  1765 | D        | Noticed a merfolk
  1765 | D        | Noticed a merfolk javelineer
  1765 | D        | Noticed a merfolk
  1765 | D        | Noticed a mermaid
  1765 | D        | Noticed a snapping turtle
  1765 | D        | Noticed a merfolk impaler
  1765 | D        | Noticed a merfolk aquamancer
  1765 | D        | Noticed a cyclops
  1765 | D        | Noticed a harpy
  1765 | D        | Noticed a merfolk impaler
  1765 | D        | Noticed a merfolk
  1765 | D        | Noticed a merfolk
  1765 | D        | Noticed a mermaid
  1765 | D        | Noticed a merfolk javelineer
  1765 | D        | Noticed a sea snake
  1765 | D        | Noticed a kraken
  1765 | D        | Noticed a kraken
  1772 | D        | Noticed a brown ooze
  1772 | D        | Noticed a death ooze
  1774 | D        | Noticed a golden eye
  1774 | D        | Noticed a death ooze
  1775 | D        | Noticed a death ooze
  1776 | D        | Noticed a jelly
  1776 | D        | Noticed an acid blob
  1776 | D        | Noticed an eye of devastation
  1777 | D        | Noticed a brown ooze
  1777 | D        | Killed a brown ooze
  1779 | D        | Noticed an acid blob
  1781 | D        | Noticed a harpy
  1786 | D        | Noticed a giant amoeba
  1789 | D        | Killed a death ooze
  1793 | D        | Noticed an acid blob
  1793 | D        | Killed an acid blob
  1793 | D        | Reached skill level 25 in Axes
  1793 | D        | Killed a death ooze
  1794 | D        | Noticed a giant amoeba
  1795 | D        | Noticed an acid blob
  1796 | D        | Noticed a giant amoeba
  1796 | D        | Killed a jelly
  1796 | D        | Killed a giant amoeba
  1797 | D        | Noticed an acid blob
  1797 | D        | Noticed a giant amoeba
  1797 | D        | Noticed a giant orange brain
  1797 | D        | Killed a golden eye
  1798 | D        | Noticed a giant amoeba
  1798 | D        | Noticed an azure jelly
  1799 | D        | Noticed a death ooze
  1799 | D        | Noticed a giant amoeba
  1800 | D        | Noticed an acid blob
  1800 | D        | Noticed a giant orange brain
  1801 | D        | Noticed a death ooze
  1802 | D        | Noticed a slime creature
  1802 | D        | Noticed an eye of devastation
  1803 | D        | Killed a giant amoeba
  1803 | D        | Killed an acid blob
  1804 | D        | Noticed a jelly
  1805 | D        | Noticed a jelly
  1805 | D        | Noticed an eye of devastation
  1805 | D        | Killed a giant amoeba
  1806 | D        | Noticed a death ooze
  1806 | D        | Noticed a brown ooze
  1806 | D        | Killed an acid blob
  1808 | D        | Killed a death ooze
  1810 | D        | Killed an acid blob
  1811 | D        | Killed a brown ooze
  1811 | D        | Killed an acid blob
  1811 | D        | Gained mutation: You have a pair of large antennae on your head (SInv). [level up]
  1811 | D        | Reached XP level 16. HP: 115/115 MP: 15/15
  1812 | D        | Killed a giant amoeba
  1813 | D        | Killed a giant orange brain
  1814 | D        | Killed an azure jelly
  1815 | D        | Killed a death ooze
  1816 | D        | Killed a giant amoeba
  1816 | D        | Reached skill level 26 in Axes
  1816 | D        | Killed a giant amoeba
  1816 | D        | Killed a death ooze
  1817 | D        | Killed a slime creature
  1817 | D        | Killed a jelly
  1817 | D        | Killed a jelly
  1820 | D        | Killed a brown ooze
  1822 | D        | Killed an eye of devastation
  1823 | D        | Killed an acid blob
  1824 | D        | Killed a death ooze
  1826 | D        | Killed an eye of devastation
  1826 | D        | Killed an eye of devastation
  1828 | D        | Killed a giant orange brain
  1845 | D        | Got the amulet of Axzij {rMut Dex+3 Int+4}
  1848 | D        | Entered arena 23.
  1848 | D        | Noticed a yellow draconian
  1848 | D        | Noticed a red draconian
  1848 | D        | Noticed a white draconian
  1848 | D        | Noticed a green draconian
  1848 | D        | Noticed a yellow draconian shifter
  1848 | D        | Noticed a pale draconian shifter
  1848 | D        | Noticed a mottled draconian
  1848 | D        | Noticed a mottled draconian monk
  1848 | D        | Noticed a pale draconian caller
  1848 | D        | Noticed a purple draconian
  1848 | D        | Noticed a white draconian
  1848 | D        | Noticed a red draconian
  1848 | D        | Noticed a white draconian
  1848 | D        | Noticed a mottled draconian scorcher
  1848 | D        | Noticed a yellow draconian
  1848 | D        | Noticed a yellow draconian knight
  1848 | D        | Noticed a red draconian shifter
  1848 | D        | Noticed a pale draconian
  1848 | D        | Noticed a red draconian
  1848 | D        | Noticed a pale draconian
  1848 | D        | Noticed a yellow draconian
  1848 | D        | Noticed a green draconian annihilator
  1848 | D        | Noticed a grey draconian
  1848 | D        | Noticed a white draconian
  1849 | D        | Noticed a grey draconian
  1849 | D        | Noticed a green draconian
  1849 | D        | Noticed a yellow draconian
  1849 | D        | Noticed a red draconian
  1849 | D        | Noticed a grey draconian
  1850 | D        | Noticed a yellow draconian caller
  1851 | D        | Noticed a yellow draconian
  1854 | D        | Noticed a sea snake
  1857 | D        | Killed a merfolk
  1862 | D        | Killed a harpy
  1862 | D        | Killed a sea snake
  1864 | D        | Identified a +2 rod of demonology (8/11)
  1866 | D        | Noticed a mottled draconian
  1866 | D        | Noticed a green draconian
  1867 | D        | Killed a harpy
  1869 | D        | Noticed a red draconian
  1869 | D        | Killed a sea snake
  1870 | D        | Killed a merfolk javelineer
  1875 | D        | Killed a merfolk aquamancer
  1876 | D        | Killed a siren
  1877 | D        | Killed a merfolk javelineer
  1879 | D        | Noticed a purple draconian
  1880 | D        | Killed a merfolk impaler
  1880 | D        | Killed a merfolk javelineer
  1882 | D        | Killed a merfolk aquamancer
  1883 | D        | Killed a hippogriff
  1883 | D        | Killed a merfolk javelineer
  1883 | D        | Reached skill level 27 in Axes
  1884 | D        | Killed a merfolk javelineer
  1885 | D        | Noticed a grey draconian
  1886 | D        | Noticed a red draconian monk
  1886 | D        | Killed a merfolk impaler
  1887 | D        | Killed a merfolk
  1888 | D        | Killed a merfolk impaler
  1891 | D        | Killed a mermaid
  1893 | D        | Killed a merfolk
  1893 | D        | Killed a merfolk
  1893 | D        | Identified the +4,+8 war axe of the Vulture {chop, MR++ Dex+2 SInv} (You took it off a merfolk javelineer in the Dungeon)
  1896 | D        | Killed a merfolk
  1898 | D        | Killed a merfolk
  1900 | D        | Killed a cyclops
  1900 | D        | Killed a mermaid
  1901 | D        | Killed a snapping turtle
  1902 | D        | Noticed a yellow draconian
  1904 | D        | Killed a cyclops
  1905 | D        | Killed a merfolk
  1906 | D        | Killed a manticore
  1919 | D        | Killed a shark
  1941 | D        | Killed a kraken
  1950 | D        | Killed a kraken
  1956 | D        | Killed a shark
  1958 | D        | Killed a shark
  1970 | D        | Killed a kraken
  1993 | D        | Entered arena 24.
  2009 | D        | Noticed a purple draconian
  2020 | D        | Killed a grey draconian
  2025 | D        | Killed a grey draconian
  2032 | D        | Killed a mottled draconian
  2032 | D        | Reached skill level 5 in Evocations
  2035 | D        | Killed a white draconian
  2035 | D        | Reached XP level 17. HP: 75/124 MP: 17/25
  2044 | D        | Killed a pale draconian
  2047 | D        | HP: 3/124 [red draconian/uncursed trident (9)]
  2048 | D        | Killed a yellow draconian knight
  2049 | D        | Killed a mottled draconian monk
  2049 | D        | Killed a white draconian
  2060 | D        | Killed a grey draconian
  2060 | D        | Reached skill level 10 in Evocations
  2060 | D        | Killed a red draconian monk
  2063 | D        | Killed a white draconian
  2063 | D        | Killed a red draconian
  2071 | D        | Killed a yellow draconian caller
  2078 | D        | Killed a yellow draconian
  2084 | D        | Killed a white draconian
  2086 | D        | Killed a pale draconian caller
  2087 | D        | Killed a pale draconian
  2091 | D        | Killed a mottled draconian scorcher
  2095 | D        | Killed a white draconian
  2100 | D        | Killed a purple draconian
  2102 | D        | Killed a yellow draconian
  2103 | D        | Killed a grey draconian
  2104 | D        | Killed a purple draconian
  2106 | D        | Killed a yellow draconian shifter
  2106 | D        | Reached skill level 15 in Evocations
  2111 | D        | Killed a mottled draconian
  2113 | D        | Killed a red draconian
  2118 | D        | Killed a yellow draconian
  2129 | D        | Killed a red draconian
  2129 | D        | Reached skill level 1 in Stealth
  2129 | D        | Reached skill level 1 in Invocations
  2130 | D        | Killed a red draconian
  2133 | D        | Killed a green draconian
  2135 | D        | Killed a purple draconian
  2135 | D        | Killed a purple draconian
  2136 | D        | Killed a red draconian shifter
  2137 | D        | Killed a yellow draconian
  2139 | D        | Killed a white draconian
  2139 | D        | Reached skill level 5 in Stealth
  2141 | D        | Killed a yellow draconian
  2141 | D        | Reached skill level 5 in Invocations
  2144 | D        | Killed a green draconian
  2147 | D        | Killed a red draconian
  2150 | D        | Killed a green draconian annihilator
  2150 | D        | Killed a green draconian
  2154 | D        | Killed a yellow draconian
  2155 | D        | Killed a grey draconian
  2162 | D        | Killed a mottled draconian
  2163 | D        | Killed a purple draconian shifter
  2173 | D        | Killed a pale draconian shifter
  2173 | D        | Reached XP level 18. HP: 134/134 MP: 35/35
  2263 | D        | Entered arena 25.
  2263 | D        | Noticed a skeletal warrior
  2263 | D        | Noticed a ghoul
  2266 | D        | Killed a lich
  2269 | D        | Killed a shadow
  2269 | D        | Killed a wight
  2270 | D        | Noticed a shadow
  2271 | D        | Noticed a necromancer
  2274 | D        | Killed a skeletal warrior
  2274 | D        | Killed a necromancer
  2277 | D        | Killed a wight
  2277 | D        | Killed a wight
  2279 | D        | Noticed a necromancer
  2279 | D        | Killed a vampire knight
  2280 | D        | Killed a shadow
  2281 | D        | Killed a necromancer
  2283 | D        | Killed a vampire knight
  2283 | D        | Killed a ghoul
  2283 | D        | Reached skill level 10 in Stealth
  2285 | D        | Killed a vampire knight
  2289 | D        | Killed a ghoul
  2291 | D        | Killed a ghoul
  2291 | D        | Reached skill level 10 in Invocations
  2292 | D        | Killed a ghoul
  2292 | D        | Killed a vampire
  2293 | D        | Killed a necromancer
  2294 | D        | Killed a ghoul
  2296 | D        | Killed a shadow
  2298 | D        | Killed a vampire knight
  2300 | D        | Killed a shadow
  2300 | D        | Reached skill level 27 in Armour
  2300 | D        | Killed a shadow
  2301 | D        | Killed a skeletal warrior
  2304 | D        | Killed a vampire mage
  2309 | D        | Killed a skeletal warrior
  2309 | D        | Killed a shadow
  2311 | D        | Killed a necromancer
  2312 | D        | Killed a skeletal warrior
  2315 | D        | Killed a skeletal warrior
  2316 | D        | Killed a vampire
  2316 | D        | Killed a vampire knight
  2317 | D        | Killed a necromancer
  2317 | D        | Killed a skeletal warrior
  2318 | D        | Killed a shadow
  2321 | D        | Killed a necrophage
  2322 | D        | Killed a necromancer
  2327 | D        | Killed a vampire knight
  2327 | D        | Killed a skeletal warrior
  2327 | D        | Killed a skeletal warrior
  2332 | D        | Killed a necromancer
  2334 | D        | Killed a necromancer
  2355 | D        | Got the amulet "Jiefaw" {Clar rC+ Acc+2}
  2390 | D        | Noticed a swamp drake
  2390 | D        | Noticed a dragon
  2390 | D        | Noticed a quicksilver dragon
  2391 | D        | Noticed a six-headed hydra
  2391 | D        | Noticed a mottled dragon
  2391 | D        | Noticed a five-headed hydra
  2391 | D        | Noticed a steam dragon
  2391 | D        | Noticed a shadow dragon
  2392 | D        | Noticed a death drake
  2392 | D        | Noticed a swamp drake
  2393 | D        | Noticed a swamp dragon
  2393 | D        | Noticed a seven-headed hydra
  2394 | D        | Noticed a wyvern
  2464 | D        | Entered arena 26.
  2464 | D        | Noticed a mottled dragon
  2464 | D        | Noticed an iron dragon
  2464 | D        | Noticed a golden dragon
  2464 | D        | Noticed an eight-headed hydra
  2464 | D        | Noticed a death drake
  2465 | D        | Noticed a steam dragon
  2465 | D        | Noticed a swamp drake
  2469 | D        | Noticed a vapour
  2469 | D        | Noticed a dragon
  2470 | D        | Noticed a swamp drake
  2470 | D        | Noticed a fire drake
  2470 | D        | Noticed a shadow dragon
  2470 | D        | Noticed a quicksilver dragon
  2470 | D        | Noticed a death drake
  2470 | D        | Noticed a mottled dragon
  2470 | D        | Noticed a swamp drake
  2474 | D        | Noticed a quicksilver dragon
  2474 | D        | Noticed an ice dragon
  2476 | D        | Noticed a fire drake
  2476 | D        | Noticed an ice dragon
  2476 | D        | Noticed a dragon
  2476 | D        | Noticed a shadow dragon
  2476 | D        | Noticed an ice dragon
  2477 | D        | Noticed a wyvern
  2477 | D        | Noticed a golden dragon
  2478 | D        | Noticed a swamp dragon
  2478 | D        | Noticed an ice dragon
  2478 | D        | Noticed a golden dragon
  2479 | D        | Noticed a death drake
  2479 | D        | Noticed an ice dragon
  2479 | D        | Killed a steam dragon
  2480 | D        | Noticed an iron dragon
  2480 | D        | Noticed a golden dragon
  2481 | D        | Noticed a mottled dragon
  2481 | D        | Noticed an iron dragon
  2481 | D        | Killed a shadow dragon
  2482 | D        | Noticed a death drake
  2482 | D        | Noticed a shadow dragon
  2483 | D        | Noticed an iron dragon
  2484 | D        | Noticed a death drake
  2484 | D        | Noticed a dragon
  2484 | D        | Noticed a swamp dragon
  2485 | D        | Noticed a wyvern
  2485 | D        | Noticed a swamp drake
  2488 | D        | Killed an iron dragon
  2488 | D        | Killed a fire drake
  2489 | D        | Killed a fire drake
  2491 | D        | Killed a swamp drake
  2492 | D        | Killed a quicksilver dragon
  2492 | D        | Killed a death drake
  2499 | D        | Killed a quicksilver dragon
  2499 | D        | Killed a golden dragon
  2501 | D        | Killed a death drake
  2503 | D        | Killed a death drake
  2504 | D        | Noticed an eight-headed hydra
  2504 | D        | Noticed a swamp drake
  2505 | D        | Killed an ice dragon
  2505 | D        | Killed an eight-headed hydra
  2505 | D        | Reached skill level 15 in Stealth
  2506 | D        | Killed a mottled dragon
  2506 | D        | Killed a wyvern
  2508 | D        | Killed a swamp dragon
  2509 | D        | Killed a death drake
  2512 | D        | Killed a dragon
  2520 | D        | Killed a 13-headed hydra
  2525 | D        | Killed a quicksilver dragon
  2539 | D        | Killed an ice dragon
  2541 | D        | Killed a swamp drake
  2542 | D        | Killed a golden dragon
  2542 | D        | Reached skill level 15 in Invocations
  2544 | D        | Killed an ice dragon
  2544 | D        | Killed an ice dragon
  2546 | D        | Killed a six-headed hydra
  2546 | D        | Reached XP level 19. HP: 114/142 MP: 36/37
  2546 | D        | Killed a swamp drake
  2546 | D        | Killed a shadow dragon
  2548 | D        | Killed a mottled dragon
  2550 | D        | Killed a golden dragon
  2552 | D        | Killed a dragon
  2552 | D        | Killed a mottled dragon
  2556 | D        | Killed a death drake
  2559 | D        | Killed an iron dragon
  2563 | D        | Killed a dragon
  2564 | D        | Killed a dragon
  2565 | D        | Killed a mottled dragon
  2565 | D        | Killed a swamp drake
  2566 | D        | Killed a shadow dragon
  2568 | D        | Killed an ice dragon
  2569 | D        | Killed a swamp drake
  2570 | D        | Killed an iron dragon
  2572 | D        | Killed a 12-headed hydra
  2574 | D        | Killed a death drake
  2575 | D        | Killed a 12-headed hydra
  2575 | D        | Killed a wyvern
  2577 | D        | Killed a swamp drake
  2578 | D        | Killed a wyvern
  2579 | D        | Killed a swamp dragon
  2580 | D        | Killed a swamp drake
  2582 | D        | Killed an iron dragon
  2584 | D        | Killed a shadow dragon
  2585 | D        | Killed a golden dragon
  2587 | D        | Killed a swamp dragon
  2592 | D        | Killed a steam dragon
  2616 | D        | Noticed an electric golem
  2616 | D        | Noticed a spriggan air mage
  2616 | D        | Noticed a titan
  2616 | D        | Noticed a titan
  2617 | D        | Noticed an electric golem
  2617 | D        | Noticed an electric golem
  2617 | D        | Noticed a spriggan air mage
  2617 | D        | Noticed an electric golem
  2617 | D        | Noticed an electric golem
  2617 | D        | Noticed an insubstantial wisp
  2617 | D        | Noticed a storm dragon
  2618 | D        | Noticed a titan
  2618 | D        | Noticed a spriggan air mage
  2619 | D        | Noticed a titan
  2619 | D        | Noticed a spriggan air mage
  2619 | D        | Noticed a storm dragon
  2619 | D        | Noticed a vapour
  2619 | D        | Noticed an insubstantial wisp
  2620 | D        | Noticed a titan
  2620 | D        | Noticed a titan
  2622 | D        | Noticed an air elemental
  2623 | D        | Got the +2 pair of gloves of the Ancient Wonders {rN+ SInv}
  2624 | D        | Noticed a titan
  2688 | D        | Entered arena 27.
  2688 | D        | Noticed a vapour
  2688 | D        | Noticed a titan
  2691 | D        | Noticed a storm dragon
  2692 | D        | Noticed a titan
  2693 | D        | Noticed a vapour
  2697 | D        | Noticed a vapour
  2697 | D        | HP: 6/141 [electric golem/bolt of lightning (6)]
  2698 | D        | Killed a titan
  2698 | D        | Killed an insubstantial wisp
  2698 | D        | Killed from afar by an electric golem

Action                   |  1- 3 |  4- 6 |  7- 9 | 10-12 | 13-15 | 16-18 | 19-21 || total
-------------------------+-------+-------+-------+-------+-------+-------+-------++-------
Melee: Broad axe         |     3 |    25 |    12 |    93 |    25 |       |       ||   158
       Executioner's axe |       |       |       |       |   279 |   342 |    44 ||   665
Invok: Greater Servant o |       |       |       |     1 |       |       |       ||     1
Evoke: Miscellaneous     |       |       |     1 |     1 |     5 |    14 |     2 ||    23
       Wand              |       |       |     1 |     2 |     3 |     2 |       ||     8
       Deck              |       |       |       |       |     4 |     8 |       ||    12
  Use: Potion            |     1 |     1 |       |       |     5 |     9 |       ||    16
       Scroll            |       |       |       |     1 |     7 |     9 |       ||    17
 Stab: Distracted        |       |       |       |     1 |       |       |       ||     1
       Fleeing           |       |       |       |       |       |     1 |     2 ||     3
       Confused          |       |       |       |       |       |     2 |     2 ||     4
